 Dungeon Crawl Stone Soup version 0.23.2-40-g277498a001 (webtiles) character file.

Game seed: 7442319086845338571

778178 Amplified the Slayer (level 27, 0/242 HPs)
             Began as a Demonspawn Monk on Sept 18, 2019.
             Was the Champion of Makhleb.
             Killed from afar by an electric golem (2 damage)
             ... with a bolt of lightning
             ... on level 5 of the Realm of Zot on Sept 19, 2019.
             The game lasted 02:24:55 (72100 turns).

Amplified the Slayer (Demonspawn Monk)             Turns: 72100, Time: 02:24:56

Health: 0/242      AC: 53    Str: 13    XL:     27
Magic:  0/39       EV: 11    Int: 15    God:    Makhleb [******]
Gold:   9939       SH: 19    Dex: 22    Spells: 29/51 levels left

rFire    + + +     SeeInvis .   r - +18 lance "Wyrmbane" {slay drac, rPois rF+ rC+ AC+3}
rCold    + + +     Gourm    .   G - +2 buckler {rC+}
rNeg     + . .     Faith    .   e - +12 gold dragon scales
rPois    +         Spirit   +   W - +0 helmet
rElec    +         Reflect  +   h - +2 cloak {MR+}
rCorr    +         Harm     .   b - +2 pair of gloves
MR       +++..                  (boots unavailable)
Stlth    ..........             v - brooch of Shielding {Reflect SH+8}
HPRegen  0.50/turn              V - ring "Rer Suck" {rN+ Dex+5 Stlth+}
MPRegen  0.52/turn              n - ring of Obivaphi {rElec rPois rF+ Str-3 Dex+2}

@: marked, no potions, very slightly contaminated
A: hooves 3, yellow scales 3, camouflage 1, blurry vision 2, clumsy 1, cold
resistance 2, deterioration 1, dopey 1, foul stench 2, sense surroundings 1,
weak 1, augmentation 3, magic shield, magic regeneration, magic link, rot
immunity
}: 5/15 runes: decaying, serpentine, slimy, silver, abyssal
a: Minor Destruction, Lesser Servant of Makhleb, Major Destruction, Greater
Servant of Makhleb, Renounce Religion


You were on level 5 of the Realm of Zot.
You worshipped Makhleb.
Makhleb was exalted by your worship.
You were full.

You visited 13 branches of the dungeon, and saw 59 of its levels.
You visited the Abyss 4 times.
You also visited: Trove and Gauntlet.

You collected 11791 gold pieces.
You spent 1852 gold pieces at shops.

Inventory:

Hand Weapons
 j - a +9 antimagic broad axe
 r - the +18 lance "Wyrmbane" (weapon) {slay drac, rPois rF+ rC+ AC+3}
   (You found it on level 5 of the Vaults)

   It affects your AC (+3).
   It protects you from fire.
   It protects you from cold.
   It protects you from poison.
Armour
 b - a +2 pair of gloves (worn)
 e - +12 gold dragon scales (worn)
 h - a +2 cloak of magic resistance (worn)
 u - the quicksilver dragon scales "Kozuask" {+Blink MR+}
   (You found it on level 7 of the Dungeon)

   It affects your resistance to hostile enchantments.
   It lets you blink.
 G - a +2 buckler of cold resistance (worn)
 W - a +0 helmet (worn)
Jewellery
 k - an uncursed ring of see invisible
 n - the ring of Obivaphi (right hand) {rElec rPois rF+ Str-3 Dex+2}
   (You bought it in a shop on level 2 of the Orcish Mines)

   [ring of protection from fire]

   It affects your strength (-3).
   It affects your dexterity (+2).
   It protects you from fire.
   It insulates you from electricity.
   It protects you from poison.
 t - an uncursed ring of protection from cold
 v - the brooch of Shielding (around neck) {Reflect SH+8}
   (You found it on level 5 of the Pits of Slime)

   [amulet of reflection]

   It shields you and reflects attacks.
   It affects your SH (+8).
 y - an uncursed ring of flight
 L - an uncursed amulet of magic regeneration
 M - the ring "Ittole Amili" {+Inv rElec rN+}
   (You found it on level 3 of the Crypt)

   [ring of positive energy]

   It insulates you from electricity.
   It protects you from negative energy.
   It lets you turn invisible.
 R - an uncursed ring of protection from magic
 V - the ring "Rer Suck" (left hand) {rN+ Dex+5 Stlth+}
   (You found it on level 3 of the Crypt)

   [ring of positive energy]

   It affects your dexterity (+5).
   It protects you from negative energy.
   It makes you more stealthy.
Wands
 o - a wand of iceblast (41)
 w - a wand of polymorph (7)
 x - a wand of clouds (7)
 z - a wand of disintegration (12)
 E - a wand of digging (22)
 H - a wand of paralysis (10)
 K - a wand of acid (42)
 T - a wand of scattershot (11)
Scrolls
 a - a scroll of silence
 d - 40 scrolls of remove curse
 g - 11 scrolls of identify
 l - a scroll of enchant armour
 s - a scroll of fear
 A - 5 scrolls of magic mapping
 C - 3 scrolls of enchant weapon
 D - 3 scrolls of fog
 J - 3 scrolls of amnesia
 U - 8 scrolls of teleportation
Potions
 f - 6 potions of ambrosia
 i - 14 potions of flight
 m - 4 potions of mutation
 p - 11 potions of curing
 B - 5 potions of magic
 I - 7 potions of brilliance
 Q - a potion of cancellation
 S - a potion of haste
 X - 5 potions of resistance
Miscellaneous
 N - a lamp of fire
 O - 8 sacks of spiders
 P - 6 phantom mirrors
Comestibles
 c - 55 rations
 q - 5 chunks of flesh


   Skills:
 * Level 25.2 Fighting
 - Level 19.7 Axes
 - Level 12.8 Throwing
 * Level 22.7 Armour
 * Level 21.5 Dodging
 - Level 12.6 Stealth
 - Level 14.2 Shields
 - Level 12.7 Spellcasting
 - Level 8.4 Translocations
 - Level 11.1 Ice Magic
 - Level 15.8 Invocations


You had 29 spell levels left.
You knew the following spells:

 Your Spells              Type           Power        Failure   Level  Hunger
a - Apportation           Tloc           ####..       16%         1    None
b - Blink                 Tloc           N/A          24%         2    None
c - Passwall              Tmut/Erth      #.......     100%        2    None
d - Glaciate              Conj/Ice       ####......   100%        9    #######
e - Controlled Blink      Tloc           N/A          100%        8    #######

Your spell library contained the following spells:

 Spells                   Type           Power        Failure   Level  Hunger
 Gell's Gravitas          Tloc           ####......   43%         3    None
 Lesser Beckoning         Tloc           ####......   43%         3    None
 Teleport Other           Tloc           ####....     43%         3    None
 Ensorcelled Hibernation  Hex/Ice        ####..       61%         2    None
 Shroud of Golubria       Chrm/Tloc      ###.......   80%         2    None
 Ozocubu's Armour         Chrm/Ice       ####....     83%         3    None
 Passage of Golubria      Tloc           N/A          85%         4    ##.....
 Portal Projectile        Hex/Tloc       ###...       95%         3    None
 Recall                   Summ/Tloc      N/A          95%         3    None
 Animate Skeleton         Necr           N/A          99%         1    None
 Beastly Appendage        Tmut           #.....       99%         1    None
 Confusing Touch          Hex            #.....       99%         1    None
 Corona                   Hex            #......      99%         1    None
 Flame Tongue             Conj/Fire      #....        99%         1    None
 Infusion                 Chrm           #...         99%         1    None
 Magic Dart               Conj           #...         99%         1    None
 Pain                     Necr           #...         99%         1    None
 Sandblast                Erth           #.....       99%         1    None
 Sting                    Conj/Pois      #...         99%         1    None
 Summon Butterflies       Summ           #.......     99%         1    None
 Summon Small Mammal      Summ           #...         99%         1    None
 Ice Form                 Ice/Tmut       ####....     99%         4    ##.....
 Summon Ice Beast         Ice/Summ       ####....     99%         4    ##.....
 Call Imp                 Summ           #.......     100%        2    None
 Poisonous Vapours        Pois/Air       #.....       100%        2    None
 Searing Ray              Conj           #.....       100%        2    None
 Slow                     Hex            #.......     100%        2    None
 Song of Slaying          Chrm           #.......     100%        2    None
 Sticks to Snakes         Tmut           #.......     100%        2    None
 Sublimation of Blood     Necr           #.........   100%        2    None
 Swiftness                Chrm/Air       #.......     100%        2    None
 Throw Flame              Conj/Fire      #.....       100%        2    None
 Call Canine Familiar     Summ           #.......     100%        3    None
 Confuse                  Hex            #.......     100%        3    None
 Conjure Flame            Conj/Fire      #.......     100%        3    None
 Dazzling Spray           Conj/Hex       #.....       100%        3    None
 Ignite Poison            Fire/Tmut/Pois #.......     100%        3    None
 Inner Flame              Hex/Fire       #.......     100%        3    None
 Mephitic Cloud           Conj/Pois/Air  #.......     100%        3    None
 Regeneration             Chrm/Necr      #.........   100%        3    None
 Spectral Weapon          Hex/Chrm       #.......     100%        3    None
 Spider Form              Tmut/Pois      #.........   100%        3    None
 Static Discharge         Conj/Air       #.......     100%        3    None
 Stone Arrow              Conj/Erth      #.....       100%        3    None
 Summon Guardian Golem    Hex/Summ       #.......     100%        3    None
 Tukima's Dance           Hex            #.......     100%        3    None
 Vampiric Draining        Necr           #.........   100%        3    None
 Animate Dead             Necr           N/A          100%        4    ##.....
 Cause Fear               Hex            #.........   100%        4    ##.....
 Force Lance              Conj/Tloc      ###.....     100%        4    ##.....
 Fulminant Prism          Conj/Hex       #.........   100%        4    ##.....
 Iskenderun's Mystic Bla  Conj           #.......     100%        4    ##.....
 Olgreb's Toxic Radiance  Pois           #.......     100%        4    ##.....
 Petrify                  Tmut/Erth      #.......     100%        4    ##.....
 Sticky Flame             Conj/Fire      #.......     100%        4    ##.....
 Summon Lightning Spire   Summ/Air       #.......     100%        4    ##.....
 Alistair's Intoxication  Tmut/Pois      #.......     100%        5    #####..
 Blade Hands              Tmut           #.........   100%        5    #####..
 Borgnjor's Vile Clutch   Necr/Erth      #.........   100%        5    #####..
 Fireball                 Conj/Fire      #.........   100%        5    #####..
 Irradiate                Conj/Tmut      #.........   100%        5    #####..
 Lee's Rapid Deconstruct  Erth           #.........   100%        5    #####..
 Lightning Bolt           Conj/Air       #.........   100%        5    #####..
 Metabolic Englaciation   Hex/Ice        ####......   100%        5    #####..
 Silence                  Hex/Air        #.........   100%        5    #####..
 Venom Bolt               Conj/Pois      #.........   100%        5    #####..
 Yara's Violent Unravell  Hex/Tmut       #.........   100%        5    #####..
 Bolt of Cold             Conj/Ice       ####......   100%        6    ######.
 Bolt of Fire             Conj/Fire      #.........   100%        6    ######.
 Conjure Ball Lightning   Conj/Air       #.........   100%        6    ######.
 Death Channel            Necr           #.........   100%        6    ######.
 Deflect Missiles         Chrm/Air       #.........   100%        6    ######.
 Dispersal                Tloc           ####......   100%        6    ######.
 Freezing Cloud           Conj/Ice/Air   ###.......   100%        6    ######.
 Invisibility             Hex            #.......     100%        6    ######.
 Poison Arrow             Conj/Pois      #.........   100%        6    ######.
 Simulacrum               Ice/Necr       ####......   100%        6    ######.
 Malign Gateway           Summ/Tloc      ###.......   100%        7    #######
 Ring of Flames           Chrm/Fire      #.........   100%        7    #######
 Spellforged Servitor     Conj/Summ      #.........   100%        7    #######
 Chain Lightning          Conj/Air       #.........   100%        8    #######
 Discord                  Hex            #.........   100%        8    #######
 Disjunction              Tloc           ####......   100%        8    #######
 Ignition                 Fire           #.........   100%        8    #######
 Lehudib's Crystal Spear  Conj/Erth      #.........   100%        8    #######
 Fire Storm               Conj/Fire      #.........   100%        9    #######
 Shatter                  Erth           #.........   100%        9    #######
 Tornado                  Air            #.........   100%        9    #######


Dungeon Overview and Level Annotations

Branches:
Dungeon (15/15)            Temple (1/1) D:4            Lair (6/6) D:8
  Swamp (4/4) Lair:3        Snake (4/4) Lair:4        Slime (5/5) Lair:5
    Orc (2/2) D:10            Elf (3/3) Orc:2        Vaults (5/5) D:13
  Crypt (3/3) Vaults:3       Tomb (0/3) Crypt:3      Depths (5/5) D:15
   Hell (1/1)                 Zot (5/5) Depths:5
    Dis: Hell:1         Geh: Hell:1         Coc: Hell:1         Tar: Hell:1

Altars:
Ashenzari
Cheibriados
Dithmenos
Elyvilon
Fedhas
Gozag
Hepliaklqana
Kikubaaqudgha
Makhleb
Nemelex Xobeh
Okawaru
Qazlal
Ru
Sif Muna
Trog
Uskayaw
Vehumet
Wu Jian
Xom
Yredelemnul
Zin
The Shining One
Jiyva

Shops:
Orc:2 ([=[   Elf:1 (   Elf:3 (   Vaults:3 !   Depths:3 (

Portals:
Hell: Depths:1 Depths:2 Depths:3 Depths:4 Depths:5
Abyss: Depths:1 Depths:4
Pandemonium: Depths:1 Depths:3
Ziggurat: Depths:4

Annotations:
D:11 3 runed translucent doors, Kikorro's ghost, journeyman HOBe
D:15 Think
Lair:2 exclusion: 2 oklob plants
Snake:2 exclusion: Roxanne, Roxanne
Depths:5 Crypt, rN+, Vaults
Hell Geryon
Zot:3 Corrosive hell up at Zot:2


Innate Abilities, Weirdness & Mutations

You have hooves in place of feet.
You are completely covered in yellow scales. (AC +4, rCorr)
You frequently emit foul miasma when damaged in melee.
Your magical and physical power is greatly enhanced at high health.
When hurt, damage is shared between your health and your magic reserves.
You regenerate magic rapidly.
When low on magic, you restore magic in place of health.
You are immune to rotting.
Your skin changes colour to match your surroundings (Stealth+).
Scrolls take you longer to read.
You are clumsy. (Dex -2)
Your flesh is very cold resistant. (rC++)
Your body sometimes deteriorates upon taking damage.
You are dopey. (Int -2)
You passively map a small area around you.
You are weak. (Str -2)


Message History

An electric golem, a tentacled monstrosity and an ancient lich come into view.
Your Executioner hits the orb of fire.
Your Executioner hits the orb of fire but does no damage. x2
The electric golem blinks!
Your Executioner barely misses the orb of fire.
Your Executioner hits the orb of fire but does no damage. x2
The Killer Klown pulls ten torches off its hat and starts juggling.
The ancient lich points at you and mumbles some strange words.
The bolt of cold hits you. You resist.
* * * LOW HITPOINT WARNING * * *
The orb of fire glows yellow.
The fireball explodes!
The fireball engulfs you. You resist.
* * * LOW HITPOINT WARNING * * *
The fireball engulfs the orb of fire.
The orb of fire completely resists.
The fireball engulfs the orb of fire.
The orb of fire completely resists.
The fireball engulfs the orb of fire.
The orb of fire completely resists.
The electric golem hurls lightning at you.
The bolt of lightning hits the orb of fire.
The orb of fire completely resists.
The bolt of lightning hits you. You resist.
You die...

▓.............,,,,,,,,
*▓............,,,,,,,,
*▓........^.§,,,,,,,,
▓▓..........,,,,,,,,
▓▓..*...8....,,,,,,,,
▓▓X.p.........,,,,,,,,
▓§.*.....§...8,,,,,,,,
▓1*.X**.......,,,,,,,,
▓▓.X*@........,,,,,,,,
▓▓..........*,,,,,,,,
▓▓.....L....,,,,,***
▓▓.....##▓▓*▓▓▓▓▓▓▓
**......X.,,,.....^.
**,.........,,....##.
**,,.........,,.,,,,##
*,,..........,,,,,,,,*
*,,,,,,,,,,,,,,,,,,,,*


You could see 6 orbs of fire, a Killer Klown, an electric golem, a tentacled
monstrosity, an ancient lich, 3 Orb Guardians and a friendly Executioner.

Vanquished Creatures
  the Royal Jelly (Slime:5)
  4 ancient liches
  Mara (Vaults:3)
  A juggernaut (Depths:5)
  Sojobo (Vaults:5)
  Margery (Vaults:5)
  Boris (Crypt:1)
  Frederick (Vaults:3)
  A curse toe (Zot:5)
  9 golden dragons
  Nikola (Snake:1)
  3 profane servitors
  8 bone dragons
  3 hellephants
  Jorgrun (Snake:1)
  4 tentacled monstrosities
  Asterion (Elf:3)
  7 liches
  9 Orb Guardians (Zot:5)
  5 titans
  23 acid blobs
  7 quicksilver dragons
  A deep elf blademaster (Elf:3)
  A deep elf master archer (Elf:3)
  The ghost of KamiKatze the Severer, an adept MfFi of Trog (Snake:4)
  An Executioner (Abyss:1)
  9 sphinxes
  A kraken (Abyss:4)
  2 ancient champions
  Gastronok (D:12)
  Kirke (Elf:1)
  2 thorn hunters (Swamp:4)
  Agnes (D:14)
  4 death cobs
  29 tentacled starspawn
  8 tengu reavers
  15 azure jellies
  2 revenants
  2 daevas
  11 shadow dragons
  13 storm dragons
  7 draconian monks
  A fire giant (shapeshifter) (Depths:4)
  14 fire giants
  10 nagarajas
  4 frost giants
  9 draconian knights
  Louise (D:15)
  7 draconian scorchers
  2 iron dragons (Depths:4)
  10 deep elf sorcerers
  13 vault wardens
  2 iron dragons (shapeshifter) (Depths:4)
  A cacodemon (Abyss:4)
  An orc warlord (Vaults:4)
  A ghoul (Crypt:2)
  3 curse skulls
  Aizul (Snake:4)
  2 balrugs
  An angel (Abyss:4)
  18 ironheart preservers
  2 deep elf elementalists
  7 draconian annihilators
  A reaper (Abyss:5)
  6 draconian stormcallers
  9 war gargoyles
  5 draconian shifters
  An entropy weaver (shapeshifter) (Depths:4)
  22 very ugly things
  15 green draconians
  A spriggan defender (Depths:2)
  37 stone giants
  7 vampire knights
  Azrael (Orc:2)
  3 lorocyprocas
  12 deep elf annihilators
  8 deep elf demonologists
  9 purple draconians
  24 yellow draconians
  9 white draconians
  A minotaur (Gauntlet)
  6 dire elephants (Lair:6)
  5 black draconians
  6 spark wasps
  Snorg (D:10)
  13 red draconians
  10 ettins
  3 blizzard demons (Abyss:4)
  4 eidola
  A quicksilver dragon zombie (Abyss:2)
  A green death (Abyss:4)
  6 deep elf death magi
  6 deep elf high priests
  2 crystal guardians (Depths:4)
  2 merfolk impalers (Depths:1)
  9 fire dragons
  20 yaktaur captains
  Josephine (Orc:1)
  14 great orbs of eyes
  14 jiangshi
  4 death oozes
  5 rakshasas
  2 quicksilver dragon skeletons
  15 ice dragons
  17 hydras
  5 spriggan air magi
  A hell beast (Gauntlet)
  30 vault guards
  4 shambling mangroves
  4 ghost crabs
  23 naga warriors
  3 death knights
  9 centaur warriors
  6 anacondas
  63 two-headed ogres
  15 alligators
  A satyr (shapeshifter) (Depths:4)
  A tengu warrior (Depths:5)
  20 ogre magi
  A death yak (shapeshifter) (Depths:4)
  38 dancing weapons
  6 deep troll shamans
  4 death yaks (Lair:6)
  Urug (Orc:2)
  8 vampire magi
  9 deep troll earth magi
  3 spriggan berserkers
  46 thrashing horrors
  8 hell hogs
  7 sun demons
  6 hell knights
  14 naga sharpshooters
  17 deep elf knights
  6 shock serpents
  A soul eater (Crypt:1)
  A salamander mystic (Snake:2)
  38 wretched stars
  A fire crab (Lair:6)
  4 sixfirhies
  A storm dragon skeleton (Vaults:4)
  2 iron trolls
  9 glowing orange brains
  43 skeletal warriors
  13 spatial maelstroms
  3 shadow wraiths
  5 sea snakes (Snake:2)
  5 flayed ghosts
  A deep troll (shapeshifter) (Depths:2)
  7 unseen horrors
  6 spriggan druids
  A quicksilver dragon simulacrum (Abyss:3)
  8 swamp dragons
  An anaconda zombie (Abyss:5)
  23 deep trolls
  10 naga ritualists
  A golden dragon zombie (Abyss:2)
  A lindwurm (Lair:4)
  A golden dragon skeleton (Crypt:2)
  13 deep elf archers
  27 ironbrand convokers
  2 shadow demons
  6 necromancers
  2 wizards
  8 mana vipers
  5 orc knights
  9 phantasmal warriors
  2 wolf spider zombies
  An anaconda skeleton (Crypt:3)
  A manticore (D:11)
  62 deep elf magi
  9 worldbinders
  21 moths of wrath
  13 salamanders
  29 cyclopes
  39 ugly things
  4 wolf spiders
  2 manticores (shapeshifter) (Depths:4)
  A fire giant zombie (Vaults:4)
  An orc sorcerer (Orc:1)
  5 shining eyes
  2 frost giant zombies
  9 apocalypse crabs
  77 large abominations
  13 vault sentinels
  A stone giant zombie (Crypt:3)
  2 shock serpent zombies
  22 naga magi
  A moth of wrath (shapeshifter) (Depths:4)
  2 black mambas (shapeshifter)
  3 frost giant skeletons
  7 guardian serpents
  50 black mambas
  4 eyes of devastation
  11 fire giant skeletons (Crypt:3)
  3 torpor snails
  Psyche (D:12)
  2 centaur skeletons
  5 gargoyles
  8 elephants
  7 orange demons
  25 smoke demons
  A dire elephant skeleton (Abyss:1)
  16 spiny frogs
  A spiny frog (shapeshifter) (Depths:4)
  2 efreet
  A hellion (Abyss:2)
  2 rime drakes
  2 rime drakes (shapeshifter)
  A hydra zombie (Abyss:2)
  A komodo dragon (shapeshifter) (Depths:4)
  3 demonic crawlers
  A yaktaur zombie (Vaults:4)
  5 komodo dragons
  46 yaktaurs
  A tormentor (Abyss:1)
  10 freezing wraiths
  A yaktaur skeleton (Vaults:4)
  8 hellwings
  24 ancient zymes
  2 ice devils (Depths:1)
  3 guardian mummies (Crypt:3)
  2 meliai (Lair:4)
  A jumping spider (shapeshifter) (Depths:5)
  A queen bee (shapeshifter) (Depths:4)
  A red devil (Abyss:2)
  A queen bee (Lair:4)
  15 trolls
  Grinder (D:6)
  A tengu conjurer (Depths:1)
  8 polar bears
  15 tyrant leeches
  23 hornets
  A tengu simulacrum (Vaults:2)
  A harpy zombie (Crypt:3)
  2 sphinx simulacra (Vaults:4)
  30 blink frogs
  A snapping turtle (shapeshifter) (Vaults:5)
  55 raiju
  68 slime creatures
  A raiju (shapeshifter) (Elf:2)
  5 hippogriffs
  An iron dragon simulacrum (Abyss:1)
  7 bog bodies
  An ettin zombie (Crypt:3)
  A hydra skeleton (Crypt:3)
  A frost giant simulacrum (Vaults:3)
  4 flying skulls
  11 water elementals
  A black mamba zombie (Abyss:3)
  13 shadows
  2 tarantellas (shapeshifter)
  2 ettin skeletons (Crypt:3)
  A spriggan (shapeshifter) (Vaults:2)
  4 air elementals
  8 fire dragon skeletons (Crypt:3)
  41 yaks
  2 vampires (Abyss:1)
  8 wyverns
  6 fire bats
  A shock serpent simulacrum (Abyss:4)
  A human (shapeshifter) (Abyss:4)
  11 spriggans
  19 wraiths
  24 ynoxinuls
  13 chaos spawn
  4 basilisks
  30 fire elementals
  14 golden eyes
  6 hogs
  A tyrant leech zombie (Crypt:1)
  Grum (Lair:1)
  19 neqoxecs
  A human (D:7)
  A steam dragon (Gauntlet)
  5 hungry ghosts
  21 vampire mosquitoes
  13 swamp worms
  4 wargs
  Menkaure (D:5)
  2 acid dragons
  A yaktaur simulacrum (Vaults:4)
  A warg (shapeshifter) (D:13)
  2 soldier ants (shapeshifter)
  A merfolk zombie (Crypt:1)
  42 nagas
  27 hell hounds
  3 floating eyes
  A floating eye (shapeshifter) (Depths:4)
  14 spatial vortices
  14 water moccasins
  3 ice beasts
  7 porcupines
  16 orc warriors
  5 black bears
  An elephant zombie (Crypt:1)
  3 sky beasts
  2 phantoms
  17 swamp drakes
  65 ogres
  4 eyes of draining
  A manticore skeleton (Crypt:2)
  A tengu (shapeshifter) (Vaults:5)
  2 snapping turtle skeletons
  13 wolves
  15 boggarts
  24 centaurs
  10 crocodiles
  A human zombie (Vaults:4)
  7 big kobolds
  22 bullfrogs
  Blork the orc (D:6)
  A wyvern zombie (Crypt:2)
  4 earth elementals
  3 gnoll sergeants (D:10)
  A wyvern skeleton (Crypt:1)
  57 small abominations
  8 scorpions
  An orc simulacrum (Vaults:2)
  45 killer bees
  A raiju skeleton (Crypt:1)
  4 howler monkeys
  A troll skeleton (Crypt:3)
  5 wights
  An electric eel (Elf:3)
  6 crimson imps
  2 centaur zombies
  97 starcursed masses
  A bullfrog zombie (D:9)
  9 quasits
  2 bullfrog skeletons
  12 hounds
  28 jellies
  11 orc priests
  Crazy Yiuf (D:3)
  An iron imp (Abyss:1)
  3 iguanas
  7 worker ants
  A porcupine skeleton (Crypt:1)
  7 hell rats
  18 orc wizards
  A killer bee zombie (D:8)
  A big kobold skeleton (Crypt:2)
  A dwarf skeleton (Crypt:1)
  An ogre skeleton (Crypt:2)
  A howler monkey zombie (D:8)
  7 mummies (Crypt:3)
  3 hound skeletons
  A worker ant zombie (D:7)
  6 gnolls
  A howler monkey skeleton (D:6)
  8 adders
  2 shadow imps
  A steam dragon skeleton (Crypt:1)
  6 white imps
  10 ufetubi
  An ooze (D:1)
  2 adder zombies
  A lava snake skeleton (Crypt:1)
  5 worms
  2 dart slugs
  3 leopard geckos
  72 orcs
  8 giant cockroaches
  4 hobgoblins
  8 jackals
  4 quokkas
  5 bats
  5 frilled lizards
  A frilled lizard zombie (Crypt:2)
  6 goblins
  A goblin zombie (Crypt:1)
  7 kobolds
  2 quokka skeletons
  A quokka zombie (D:7)
  8 rats
  3 crawling corpses
  A fungus (Lair:3)
  A lurking horror (Abyss:2)
  6 plants
  25 starspawn tentacles
  4 tentacles (Abyss:4)
3285 creatures vanquished.

Vanquished Creatures (collateral kills)
  Saint Roka (Vaults:5)
  A golden dragon (Vaults:5)
  A tentacled monstrosity (Vaults:5)
  A titan (Depths:2)
  An acid blob (Slime:5)
  A sphinx (Vaults:5)
  2 tengu reavers (Vaults:5)
  A deep elf elementalist (Elf:3)
  A small abomination (Depths:2)
  3 stone giants
  A deep elf demonologist (Vaults:5)
  2 deep elf annihilators (Elf:3)
  A spark wasp (Depths:2)
  An ettin (Orc:2)
  A death ooze (Slime:4)
  A great orb of eyes (Slime:4)
  A deep elf high priest (Elf:3)
  2 vault guards (Vaults:5)
  2 two-headed ogres
  An orc high priest (Orc:2)
  2 deep troll earth magi
  2 skeletal warriors (D:11)
  14 slime creatures
  A shadow wraith (Vaults:2)
  A spriggan druid (Swamp:4)
  An orc knight (Vaults:2)
  2 ironbrand convokers (Vaults:5)
  A swamp dragon (Swamp:4)
  A cyclops (Slime:5)
  A salamander (Snake:4)
  An efreet (Depths:4)
  A yaktaur (Vaults:5)
  A troll (Orc:2)
  A polar bear (shapeshifter) (Depths:4)
  A hungry ghost (D:11)
  2 wargs
  An eye of draining (Slime:4)
  8 orc warriors
  A black bear (Slime:5)
  6 ogres
  A centaur (D:14)
  An orc priest (Vaults:5)
  9 orcs
86 creatures vanquished.

Vanquished Creatures (others)
  A deep troll earth mage (Depths:2)
  A wizard (Elf:1)
  A deep elf mage (Elf:2)
  A spiny frog (Swamp:2)
  A tormentor (Abyss:5)
  2 blink frogs
  A flying skull (Abyss:5)
  5 raiju
  2 water elementals
  A ynoxinul (Abyss:5)
  A neqoxec (Abyss:5)
  A large abomination (Abyss:4)
  A water moccasin (Lair:6)
  2 small abominations (Abyss:4)
  An eye of draining (Abyss:3)
  3 ogres
  2 jellies
  A hell rat (Hell)
  A bush (Abyss:1)
  13 fungi
  6 lurking horrors
  12 plants
  69 starspawn tentacles
  11 tentacles (Abyss:4)
140 creatures vanquished.

Grand Total: 3511 creatures vanquished

Notes
Turn   | Place    | Note
-------+----------+-------------------------------------------
     0 | D:1      | Amplified the Demonspawn Monk began the quest for the Orb.
     0 | D:1      | Reached XP level 1. HP: 18/18 MP: 1/1
   288 | D:1      | Gained mutation: You are partially covered in yellow
                  | scales. (AC +2) [demonic ancestry]
   288 | D:1      | Reached XP level 2. HP: 11/24 MP: 2/2
  1087 | D:2      | Found a glowing golden altar of the Shining One.
  1371 | D:2      | Gained mutation: You are immune to rotting. [demonic
                  | ancestry]
  1371 | D:2      | Reached XP level 3. HP: 29/29 MP: 3/3
  1458 | D:2      | Found an ancient bone altar of Kikubaaqudgha.
  2037 | D:3      | Found a sacrificial altar of Ru.
  2207 | D:4      | Found a snail-covered altar of Cheibriados.
  2240 | D:4      | Found a staircase to the Ecumenical Temple.
  2266 | Temple   | Entered the Ecumenical Temple
  2324 | Temple   | Became a worshipper of Trog the Wrathful
  2324 | Temple   | Reached * piety under Trog
  2324 | Temple   | Reached ** piety under Trog
  2460 | D:3      | Found a runed translucent door.
  2461 | D:3      | Noticed Crazy Yiuf
  2571 | D:3      | Killed Crazy Yiuf
  2571 | D:3      | Reached skill level 1 in Armour
  2571 | D:3      | Gained mutation: You are mostly covered in yellow scales.
                  | (AC +3) [demonic ancestry]
  2571 | D:3      | Reached XP level 4. HP: 35/36 MP: 4/4
  3382 | D:4      | Gained mutation: You have large cloven feet. [demonic
                  | ancestry]
  3382 | D:4      | Reached XP level 5. HP: 41/42 MP: 5/5
  3495 | D:4      | Reached skill level 4 in Fighting
  3889 | D:4      | Reached skill level 1 in Shields
  3909 | D:4      | Gained mutation: When hurt, damage is shared between your
                  | health and your magic reserves. [demonic ancestry]
  3909 | D:4      | Reached XP level 6. HP: 46/48 MP: 6/6
  4032 | D:4      | Found a burning altar of Makhleb.
  4256 | D:5      | Entered Level 5 of the Dungeon
  4308 | D:5      | Reached skill level 5 in Axes
  4369 | D:5      | Noticed Menkaure
  4379 | D:5      | Killed Menkaure
  4379 | D:5      | Gained mutation: You may emit foul miasma when damaged in
                  | melee. [demonic ancestry]
  4379 | D:5      | Reached XP level 7. HP: 51/55 MP: 4/7
  4879 | D:4      | Reached skill level 5 in Fighting
  5185 | D:6      | Reached *** piety under Trog
  5238 | D:6      | Gained mutation: You have hoof-like feet. [demonic
                  | ancestry]
  5238 | D:6      | Reached XP level 8. HP: 54/62 MP: 4/8
  5290 | D:6      | Noticed Blork the orc
  5299 | D:6      | Killed Blork the orc
  5444 | D:6      | Found a sparkling altar of Nemelex Xobeh.
  5494 | D:6      | Noticed Grinder
  5509 | D:6      | Killed Grinder
  5526 | D:6      | Reached skill level 5 in Shields
  5827 | D:7      | Noticed a hornet
  5837 | D:7      | Paralysed by a hornet for 3 turns
  5838 | D:7      | Killed a hornet
  5968 | D:7      | Found an ornate altar of the Wu Jian Council.
  6007 | D:7      | Reached skill level 6 in Fighting
  6105 | D:7      | Gained mutation: You have hooves in place of feet. [demonic
                  | ancestry]
  6105 | D:7      | Reached XP level 9. HP: 69/69 MP: 9/9
  6196 | D:7      | Noticed a six-headed hydra
  6198 | D:7      | Noticed a skeletal warrior
  6226 | D:7      | Killed an unseen horror
  6226 | D:7      | Killed a seven-headed hydra
  6226 | D:7      | Reached skill level 5 in Dodging
  6231 | D:7      | Killed a skeletal warrior
  6231 | D:7      | Reached XP level 10. HP: 77/77 MP: 10/10
  6261 | D:7      | Reached skill level 5 in Armour
  6278 | D:7      | Noticed a two-headed ogre
  6290 | D:7      | Killed a two-headed ogre
  6290 | D:7      | Reached skill level 7 in Fighting
  6322 | D:7      | Got faintly glowing quicksilver dragon scales
  6333 | D:7      | Identified the quicksilver dragon scales "Kozuask" {+Blink
                  | MR+} (You found it on level 7 of the Dungeon)
  6347 | D:7      | Identified the Grimoire of Ice and Weightlessness
  6551 | D:7      | Reached **** piety under Trog
  6689 | D:8      | Found a hide-covered altar of Uskayaw.
  6690 | D:8      | Noticed a +0 hand axe
  6691 | D:8      | Noticed a +0 dagger
  6795 | D:8      | Found a staircase to the Lair.
  7761 | D:9      | Reached ***** piety under Trog
  7998 | D:9      | Gained mutation: Your magical and physical power is
                  | slightly enhanced at high health. [demonic ancestry]
  7998 | D:9      | Reached XP level 11. HP: 63/85 MP: 11/11
  8149 | D:9      | Found an iron altar of Okawaru.
  8188 | D:10     | Entered Level 10 of the Dungeon
  8289 | D:10     | Found a sacrificial altar of Ru.
  8397 | D:10     | Noticed Snorg
  8408 | D:10     | Killed Snorg
  8581 | D:10     | Found a portal to a secret trove of treasure.
  8759 | D:10     | Found a staircase to the Orcish Mines.
  8793 | D:10     | Reached skill level 10 in Axes
  8827 | D:10     | Reached skill level 8 in Fighting
  8828 | D:10     | Received a gift from Trog
  9084 | D:11     | Found a shimmering altar of Xom.
  9092 | D:11     | Found the +7 mace of Variability {chain chaos}
  9093 | D:11     | Noticed a white ugly thing
  9228 | D:12     | Got a transparent flail
  9334 | D:12     | Noticed Gastronok
  9351 | D:12     | Killed Gastronok
  9442 | D:12     | Noticed a cyan ugly thing
  9557 | D:11     | Noticed a skeletal warrior
  9568 | D:11     | Noticed a skeletal warrior
  9571 | D:11     | Killed a skeletal warrior
  9572 | D:11     | Noticed a skeletal warrior
  9572 | D:11     | Noticed a skeletal warrior
  9572 | D:11     | Noticed a two-headed ogre
  9572 | D:11     | Noticed a skeletal warrior
  9583 | D:11     | Killed a skeletal warrior
  9587 | D:11     | Killed a skeletal warrior
  9587 | D:11     | Reached XP level 12. HP: 92/94 MP: 12/12
  9590 | D:11     | Killed a two-headed ogre
 10323 | D:11     | Found a runed translucent gate.
 10327 | D:11     | Found a runed translucent gate.
 10328 | D:11     | Found a runed translucent gate.
 10329 | D:11     | Noticed Kikorro's ghost (journeyman HOBe)
 10607 | Orc:1    | Entered Level 1 of the Orcish Mines
 10650 | Orc:1    | Reached skill level 9 in Fighting
 10661 | Orc:1    | Noticed Josephine
 10681 | Orc:1    | Killed Josephine
 10867 | Orc:2    | Entered Level 2 of the Orcish Mines
 10884 | Orc:2    | Noticed a two-headed ogre
 10909 | Orc:2    | Killed a two-headed ogre
 10941 | Orc:2    | Found Buxkesm's Armour Shoppe.
 10984 | Orc:2    | Noticed Urug
 10984 | Orc:2    | Noticed a stone giant
 11185 | Orc:2    | Noticed an orc high priest
 11302 | Lair:1   | Entered Level 1 of the Lair of Beasts
 11322 | Lair:1   | Noticed a five-headed hydra
 11406 | D:12     | Noticed a two-headed ogre
 11415 | D:12     | Killed a two-headed ogre
 11587 | D:12     | Reached skill level 10 in Dodging
 11827 | D:12     | Noticed Psyche
 11935 | D:12     | Killed Psyche
 12061 | D:13     | Gained mutation: Your magical and physical power is
                  | enhanced at high health. [demonic ancestry]
 12061 | D:13     | Reached XP level 13. HP: 99/101 MP: 13/13
 12189 | D:13     | Found a gate to the Vaults.
 12205 | D:13     | Identified a scroll of acquirement
 12220 | D:13     | Reached skill level 10 in Armour
 12254 | D:13     | Received a gift from Trog
 12274 | D:13     | Got a transparent great sword {god gift}
 12291 | D:13     | Identified the cursed +1 flail "Ifuunoul" {crush, rPois
                  | Int+4} (You found it on level 12 of the Dungeon)
 12547 | D:13     | Found a shadowy altar of Dithmenos.
 12686 | D:13     | Identified the +7 great sword "Bovirysm" {freeze, rPois
                  | Dex+3} (Trog gifted it to you on level 13 of the Dungeon)
 13490 | D:14     | Reached skill level 10 in Fighting
 13822 | D:15     | Entered Level 15 of the Dungeon
 13823 | D:15     | Noticed Agnes
 13837 | D:14     | Killed Agnes
 13942 | D:15     | Noticed Louise
 14100 | D:15     | Noticed a fire dragon
 14608 | Lair:1   | Noticed Grum
 14614 | Lair:1   | Killed Grum
 14816 | Lair:1   | Reached XP level 14. HP: 101/111 MP: 14/14
 15155 | Lair:2   | Found a gate leading to a gauntlet.
 15193 | Gauntlet | Entered a Gauntlet
 15193 | Gauntlet | Found a transporter.
 15193 | Gauntlet | Found a transporter.
 15196 | Gauntlet | Found a transporter.
 15197 | Gauntlet | Found a transporter.
 15207 | Gauntlet | Found a transporter.
 15211 | Gauntlet | Found a transporter.
 15223 | Gauntlet | Found a transporter.
 15228 | Gauntlet | Found a transporter.
 15247 | Gauntlet | Found a transporter.
 15249 | Gauntlet | Found a transporter.
 15259 | Gauntlet | Found a transporter.
 15263 | Gauntlet | Found a transporter.
 15511 | Gauntlet | Got a bloodstained battleaxe
 15556 | Gauntlet | Got a heavily runed amber ring
 15584 | Gauntlet | Identified the ring "Xitahaq" {Int+7 Dex+5 Stlth+} (You
                  | found it in a Gauntlet)
 15712 | Gauntlet | Identified the Compendium of Destructive Earth
 16416 | Lair:2   | Identified the cursed +0 battleaxe of Hospitality {flame,
                  | Fragile rElec Str+4 Int+2} (You found it in a Gauntlet)
 16741 | Lair:3   | Found a staircase to the Swamp.
 17781 | Lair:4   | Found a staircase to the Snake Pit.
 18033 | Lair:5   | Found a staircase to the Slime Pits.
 18034 | Lair:5   | Found a viscous altar of Jiyva.
 18089 | Lair:5   | Found a bloodstained altar of Trog.
 18282 | Lair:5   | Received a gift from Trog
 18616 | Lair:6   | Entered Level 6 of the Lair of Beasts
 19194 | Lair:6   | Reached skill level 11 in Fighting
 19221 | Lair:6   | Reached XP level 15. HP: 109/118 MP: 13/15
 20025 | Orc:2    | Killed Urug
 20059 | Orc:2    | Reached skill level 10 in Shields
 20076 | Orc:2    | Received a gift from Trog
 20115 | Orc:2    | Found Suuh's Jewellery Boutique.
 20177 | Orc:2    | Found Pugiseu's Weapon Shoppe.
 20181 | Orc:2    | Found Ystuad's Food Emporium.
 20181 | Orc:2    | Found Engic's Armour Emporium.
 20201 | Orc:2    | Noticed Azrael
 20225 | Orc:2    | Killed Azrael
 20323 | Orc:2    | Found a staircase to the Elven Halls.
 20603 | Orc:2    | Bought the ring of Obivaphi {rElec rPois rF+ Str-3 Dex+2}
                  | for 616 gold pieces
 20622 | Orc:2    | Bought a ration for 55 gold pieces
 20622 | Orc:2    | Bought a ration for 55 gold pieces
 20622 | Orc:2    | Bought a ration for 55 gold pieces
 20622 | Orc:2    | Bought a ration for 55 gold pieces
 20622 | Orc:2    | Bought a ration for 55 gold pieces
 20622 | Orc:2    | Bought a ration for 55 gold pieces
 20622 | Orc:2    | Bought a ration for 55 gold pieces
 20622 | Orc:2    | Bought a ration for 55 gold pieces
 20622 | Orc:2    | Bought a ration for 55 gold pieces
 20622 | Orc:2    | Bought a ration for 55 gold pieces
 20622 | Orc:2    | Bought a ration for 55 gold pieces
 20622 | Orc:2    | Bought a ration for 55 gold pieces
 20873 | D:15     | Killed Louise
 21055 | D:15     | Found a staircase to the Depths.
 21782 | Snake:1  | Entered Level 1 of the Snake Pit
 21849 | Snake:1  | Noticed Jorgrun
 21858 | Snake:1  | Killed Jorgrun
 21870 | Snake:1  | Reached skill level 15 in Dodging
 21910 | Snake:1  | Reached XP level 16. HP: 93/126 MP: 16/16
 22117 | Snake:1  | Noticed Nikola
 22137 | Snake:1  | Killed Nikola
 22434 | Snake:2  | Received a gift from Trog
 22679 | Snake:2  | Noticed Roxanne
 22895 | Snake:2  | Reached ****** piety under Trog
 23286 | Snake:3  | Identified the +6 shortbow of Sadezas {freeze, rC+} (You
                  | found it on level 3 of the Snake Pit)
 23349 | Snake:3  | Reached skill level 12 in Fighting
 23980 | Snake:4  | Entered Level 4 of the Snake Pit
 24029 | Snake:4  | Received a gift from Trog
 24049 | Snake:4  | Reached skill level 15 in Axes
 24097 | Snake:4  | Reached XP level 17. HP: 102/133 MP: 15/17
 24245 | Snake:4  | Noticed Aizul
 24258 | Snake:4  | Killed Aizul
 24411 | Snake:4  | Found a transporter.
 24466 | Snake:4  | Found a bloodstained altar of Trog.
 24474 | Snake:4  | Identified the +3 war axe of Unal {antimagic, Fragile rElec
                  | rPois rF++ rN+}
 24475 | Snake:4  | Noticed KamiKatze's ghost (adept MfFi)
 24475 | Snake:4  | Identified the +7 great sword of the Exiled Songs {chaos,
                  | Str+9}
 24494 | Snake:4  | Found a transporter.
 24597 | Snake:4  | Found an opulent altar of Gozag.
 25203 | Snake:4  | Received a gift from Trog
 25213 | Snake:4  | Got a smoking hand axe {god gift}
 25312 | Snake:4  | Got a serpentine rune of Zot
 25814 | Snake:4  | Killed KamiKatze's ghost
 25893 | Snake:4  | Identified the +0 hand axe "Kuczeu" {distort, rF+} (Trog
                  | gifted it to you on level 4 of the Snake Pit)
 26207 | Swamp:1  | Entered Level 1 of the Swamp
 26359 | Vaults:1 | Entered Level 1 of the Vaults
 26489 | Vaults:1 | Received a gift from Trog
 26691 | Vaults:1 | Reached XP level 18. HP: 142/142 MP: 6/18
 28410 | Vaults:2 | Reached skill level 13 in Fighting
 28426 | Vaults:2 | Reached skill level 15 in Armour
 28610 | Vaults:2 | Received a gift from Trog
 29201 | Vaults:2 | Reached skill level 1 in Invocations
 29816 | Vaults:2 | Received a gift from Trog
 29816 | Vaults:2 | Reached skill level 5 in Invocations
 30511 | Vaults:3 | Reached XP level 19. HP: 149/149 MP: 7/23
 31019 | Vaults:3 | Found a staircase to the Crypt.
 31206 | Vaults:3 | Received a gift from Trog
 31416 | Vaults:3 | Noticed Frederick
 31429 | Vaults:3 | You fall through a shaft!
 31711 | Vaults:3 | Found Aghigh's Distillery.
 31864 | Vaults:4 | Reached skill level 10 in Invocations
 32439 | Swamp:2  | Received a gift from Trog
 34053 | Swamp:4  | Entered Level 4 of the Swamp
 34190 | Swamp:4  | Gained mutation: Your magical and physical power is greatly
                  | enhanced at high health. [demonic ancestry]
 34190 | Swamp:4  | Reached XP level 20. HP: 110/158 MP: 10/29
 34461 | Swamp:4  | Received a gift from Trog
 34828 | Swamp:4  | Got a decaying rune of Zot
 35344 | Swamp:1  | Received a gift from Trog
 36032 | Elf:1    | Entered Level 1 of the Elven Halls
 36065 | Elf:1    | Found a shimmering altar of Xom.
 36332 | Elf:1    | Reached skill level 15 in Invocations
 36648 | Elf:1    | Noticed Kirke
 36662 | Elf:1    | Killed Kirke
 36703 | Elf:1    | Found Ocaiga Jodghe's Weapon Emporium.
 36904 | Elf:1    | Received a gift from Trog
 37167 | Elf:2    | Received a gift from Trog
 37219 | Elf:2    | Found a huge runed translucent gate.
 37219 | Elf:2    | Found a huge runed translucent gate.
 37219 | Elf:2    | Found a huge runed translucent gate.
 37563 | Elf:2    | Found a huge runed translucent gate.
 37563 | Elf:2    | Found a huge runed translucent gate.
 37603 | Elf:3    | Entered Level 3 of the Elven Halls
 37932 | Elf:3    | Noticed Asterion
 37933 | Elf:3    | Found Woesim's Weapon Shoppe.
 37943 | Elf:3    | Killed Asterion
 38481 | Elf:3    | Received a gift from Trog
 38811 | Elf:3    | Gained mutation: You regenerate magic rapidly. [demonic
                  | ancestry]
 38811 | Elf:3    | Reached XP level 21. HP: 164/164 MP: 10/32
 38985 | Elf:3    | Identified the cursed +0 hand axe "Qiroatwarr" {venom, rN+
                  | Int+2 Dex-2}
 39537 | Elf:3    | Identified Vaasuneacw's Disquisition on the Arsonist and
                  | Displacement
 39542 | Elf:3    | Identified the +11 shortbow of Res Nullius {freeze, rC+ rN+
                  | MP+9} (You found it on level 3 of the Elven Halls)
 39882 | Elf:2    | Received a gift from Trog
 40457 | Depths:1 | Entered Level 1 of the Depths
 40457 | Depths:1 | Found a one-way gate to the infinite horrors of the Abyss.
 40470 | Depths:1 | Reached skill level 14 in Fighting
 40922 | Depths:1 | Received a gift from Trog
 41054 | Depths:1 | Found a one-way gate leading to the halls of Pandemonium.
 41368 | Depths:1 | Found a gateway to Hell.
 41639 | Depths:2 | Received a gift from Trog
 41830 | Depths:2 | Gained mutation: You are completely covered in yellow
                  | scales. (AC +4, rCorr) [demonic ancestry]
 41830 | Depths:2 | Reached XP level 22. HP: 95/174 MP: 11/33
 42165 | Depths:2 | Found a transporter.
 42285 | Depths:2 | Found a runed translucent door.
 42311 | Depths:2 | Reached skill level 15 in Fighting
 42420 | Depths:2 | Found a transporter.
 42551 | Depths:2 | Identified Guffe's Handbook of Weightlessness
 42631 | Depths:2 | Paralysed by a floating eye for 2 turns
 42664 | Depths:2 | Paralysed by a floating eye for 3 turns
 42671 | Depths:2 | Paralysed by a floating eye for 3 turns
 42675 | Depths:2 | Received a gift from Trog
 42691 | Depths:2 | Paralysed by a floating eye for 4 turns
 42992 | Depths:2 | Noticed a golden dragon
 43018 | Depths:2 | Killed a golden dragon
 43082 | Depths:2 | Got a bound copper amulet
 43086 | Depths:2 | Identified the amulet "Pewoolew" {+Fly rN+ MR- Regen+} (You
                  | found it on level 2 of the Depths)
 43101 | Depths:2 | Got a faintly glowing graven amulet
 43102 | Depths:2 | Identified the amulet "Fazi Oxaco" {Inacc Int+3} (You found
                  | it on level 2 of the Depths)
 43373 | Depths:3 | Paralysed by a floating eye for 4 turns
 43385 | Depths:3 | Paralysed by a floating eye for 4 turns
 43787 | Depths:3 | Found Tionam's Antique Weapon Emporium.
 44396 | Depths:4 | Found a gateway to a ziggurat.
 44398 | Depths:4 | Reached skill level 16 in Fighting
 44710 | Depths:4 | Received a gift from Trog
 44752 | Depths:4 | Identified the +14 plate armour of Love and Death {Str-4
                  | Int+7 Dex+3} (You found it on level 4 of the Depths)
 45040 | Depths:4 | Gained mutation: You frequently emit foul miasma when
                  | damaged in melee. [demonic ancestry]
 45040 | Depths:4 | Reached XP level 23. HP: 95/185 MP: 8/34
 45105 | Depths:4 | Got a slimy leather armour
 45106 | Depths:4 | Identified the +2 leather armour of Agoraphobia {rPois rC+}
                  | (You found it on level 4 of the Depths)
 45741 | Depths:5 | Entered Level 5 of the Depths
 45748 | Depths:5 | Noticed a juggernaut
 45775 | Depths:5 | Killed a juggernaut
 45775 | Depths:5 | Received a gift from Trog
 46415 | Depths:5 | Reached skill level 17 in Fighting
 46818 | Depths:5 | Found a gate to the Realm of Zot.
 47845 | Crypt:1  | Entered Level 1 of the Crypt
 47904 | Crypt:1  | Noticed Boris
 47925 | Crypt:1  | Killed Boris
 48011 | Crypt:3  | Entered Level 3 of the Crypt
 48120 | Crypt:3  | Received a gift from Trog
 48430 | Crypt:3  | Identified Sif Muna's Grimoire of the Volcanoes and
                  | Bewitchment
 49234 | Crypt:3  | Found a staircase to the Tomb.
 49234 | Crypt:3  | Noticed an ancient lich
 49246 | Crypt:3  | Killed an ancient lich
 49246 | Crypt:3  | Reached skill level 18 in Fighting
 49246 | Crypt:3  | Gained mutation: When low on magic, you restore magic in
                  | place of health. [demonic ancestry]
 49246 | Crypt:3  | Reached XP level 24. HP: 180/197 MP: 10/34
 49284 | Crypt:3  | Noticed an ancient lich
 49296 | Crypt:3  | Killed an ancient lich
 49795 | Crypt:3  | Got a transparent tin ring
 49795 | Crypt:3  | Got a shimmering granite ring
 49937 | Crypt:2  | Received a gift from Trog
 49956 | Crypt:2  | Identified the ring "Ittole Amili" {+Inv rElec rN+} (You
                  | found it on level 3 of the Crypt)
 49957 | Crypt:2  | Identified the ring "Rer Suck" {rN+ Dex+5 Stlth+} (You
                  | found it on level 3 of the Crypt)
 50754 | Crypt:1  | Found an ancient bone altar of Kikubaaqudgha.
 51124 | Vaults:3 | Received a gift from Trog
 51297 | Vaults:3 | Bought a potion of curing for 48 gold pieces
 51297 | Vaults:3 | Bought a potion of flight for 48 gold pieces
 51297 | Vaults:3 | Bought a potion of agility for 64 gold pieces
 51297 | Vaults:3 | Bought a potion of haste for 160 gold pieces
 51297 | Vaults:3 | Bought a potion of invisibility for 128 gold pieces
 51297 | Vaults:3 | Bought a potion of mutation for 128 gold pieces
 51338 | Vaults:3 | Reached skill level 19 in Fighting
 51527 | Vaults:3 | Killed Frederick
 51579 | Vaults:3 | Noticed Mara
 51594 | Vaults:3 | Killed Mara
 52541 | Vaults:4 | Received a gift from Trog
 52885 | Vaults:5 | Entered Level 5 of the Vaults
 52966 | Vaults:5 | Reached XP level 25. HP: 101/210 MP: 10/34
 53014 | Vaults:5 | Noticed Margery
 53015 | Vaults:5 | Found the +5 demon whip "Spellbinder" {antimagic, MR+}
 53018 | Vaults:5 | Found the +8 lance "Wyrmbane" {slay drac, rPois rF+ rC+
                  | AC+3}
 53251 | Vaults:5 | Reached skill level 20 in Fighting
 53482 | Vaults:5 | Noticed Saint Roka
 53506 | Vaults:5 | Killed Saint Roka
 53506 | Vaults:5 | Received a gift from Trog
 53691 | Vaults:5 | Got a silver rune of Zot
 54137 | Vaults:5 | Reached skill level 21 in Fighting
 54360 | Vaults:5 | Killed Margery
 54418 | Vaults:5 | Received a gift from Trog
 54445 | Vaults:5 | Got a jewelled broad axe {god gift}
 54446 | Vaults:5 | Identified the +3 broad axe of the Head {vamp, rN+} (Trog
                  | gifted it to you on level 5 of the Vaults)
 54540 | Vaults:5 | Noticed Sojobo
 54584 | Vaults:5 | Killed Sojobo
 54664 | Vaults:5 | Reached skill level 22 in Fighting
 55517 | Vaults:2 | Got a warped ring mail
 55518 | Vaults:2 | Identified the +2 ring mail of the Saviour {rPois rC- rN+
                  | Int+2} (You found it on level 2 of the Vaults)
 55641 | D:10     | You paid a toll of 5 scrolls of blinking to enter a
                  | treasure trove
 55642 | Trove    | Entered a treasure trove
 55652 | Trove    | Got a glittering gossamer ring
 55661 | Trove    | Got a transparent helmet
 55694 | D:10     | Identified the +0 helmet "Dommubohe" {*Slow rC+ Dex+3
                  | Stlth+} (You found it in a treasure trove)
 55695 | D:10     | Identified the ring of Xom's Castigation {rF- MR+++ Str-4
                  | Dex+6 SInv} (You found it in a treasure trove)
 55972 | Zot:1    | Entered Level 1 of the Realm of Zot
 56112 | Zot:1    | You fall through a shaft!
 56131 | Zot:2    | Reached XP level 26. HP: 211/225 MP: 33/34
 56203 | Zot:2    | Received a gift from Trog
 56233 | Zot:2    | You fall through a shaft!
 57808 | Zot:4    | Received a gift from Trog
 58106 | Zot:4    | Reached skill level 5 in Stealth
 58234 | Zot:4    | Got a warped silver ring
 58345 | Zot:5    | Entered Level 5 of the Realm of Zot
 59462 | Zot:2    | Reached skill level 10 in Stealth
 59731 | Zot:2    | Reached XP level 27. HP: 212/233 MP: 33/34
 60100 | Zot:2    | Identified the cursed ring of Vidwamig {*Corrode AC-3 Str+2
                  | Dex+6} (You found it on level 4 of the Realm of Zot)
 60110 | Zot:2    | Identified the +5 rapier of Ash {pierce, Str+2} (You found
                  | it on level 2 of the Realm of Zot)
 60631 | Zot:1    | Received a gift from Trog
 61178 | D:4      | Fell from the grace of Trog
 61178 | D:4      | Became a worshipper of Makhleb the Destroyer
 61435 | Depths:1 | Voluntarily entered the Abyss.
 61529 | Abyss:2  | Learned a level 1 spell: Apportation
 61532 | Abyss:2  | Learned a level 2 spell: Blink
 61535 | Abyss:2  | Learned a level 2 spell: Passwall
 61545 | Abyss:2  | Learned a level 9 spell: Glaciate
 61603 | Abyss:2  | Found a corrupted altar of Lugonu.
 61739 | Abyss:2  | Reached skill level 1 in Ice Magic
 61872 | Abyss:2  | Reached skill level 1 in Spellcasting
 61923 | Abyss:2  | Reached * piety under Makhleb
 62030 | Abyss:2  | Reached skill level 1 in Throwing
 62134 | Abyss:3  | Got an abyssal rune of Zot
 62158 | Abyss:3  | Paralysed by accursed screaming for 1 turns
 62181 | Depths:1 | Escaped the Abyss
 62269 | Depths:1 | Voluntarily entered the Abyss.
 62269 | Abyss:1  | Found a corrupted altar of Lugonu.
 62386 | Abyss:1  | Reached ** piety under Makhleb
 62437 | Abyss:1  | Found a corrupted altar of Lugonu.
 62803 | Abyss:1  | Reached skill level 5 in Ice Magic
 63023 | Abyss:1  | Reached skill level 5 in Throwing
 63053 | Abyss:1  | Noticed an ancient lich
 63081 | Abyss:1  | Killed an ancient lich
 63091 | Abyss:1  | Reached *** piety under Makhleb
 63171 | Abyss:1  | Paralysed by accursed screaming for 1 turns
 63270 | Abyss:1  | Gained mutation: You occasionally shout uncontrollably at
                  | your foes. [a neqoxec]
 63623 | Abyss:1  | Reached skill level 23 in Fighting
 63623 | Abyss:1  | Reached skill level 5 in Spellcasting
 63628 | Abyss:1  | Reached **** piety under Makhleb
 63858 | Abyss:3  | Gained mutation: Your spells are a little easier to cast,
                  | but a little less powerful. [a neqoxec]
 63863 | Abyss:3  | Gained mutation: Armour fits poorly on your strangely
                  | shaped body. [a neqoxec]
 64095 | Abyss:4  | Reached ***** piety under Makhleb
 64456 | Abyss:4  | Gained mutation: You sometimes yell uncontrollably at your
                  | foes. [a cacodemon]
 64646 | Abyss:4  | Reached skill level 10 in Ice Magic
 64714 | Abyss:4  | Reached skill level 10 in Throwing
 64741 | Abyss:4  | Reached ****** piety under Makhleb
 64980 | Abyss:4  | Found a corrupted altar of Lugonu.
 64984 | Abyss:4  | Identified Pyaxkioj's Disquisition on the Lucky Glacier
 65147 | Abyss:4  | Found a corrupted altar of Lugonu.
 65467 | Abyss:5  | Entered Level 5 of the Abyss
 65467 | Abyss:5  | Entered Level 5 of the Abyss
 65774 | Abyss:5  | Gained mutation: Scrolls take you a little longer to read.
                  | [a neqoxec]
 65776 | Abyss:5  | Lost mutation: Your spells are a little easier to cast, but
                  | a little less powerful. [a neqoxec]
 65919 | Depths:1 | Escaped the Abyss
 65931 | Depths:1 | Voluntarily entered the Abyss.
 65932 | Abyss:1  | Found a corrupted altar of Lugonu.
 65968 | Abyss:1  | Paralysed by accursed screaming for 2 turns
 65995 | Depths:1 | Escaped the Abyss
 66399 | Depths:1 | Voluntarily entered the Abyss.
 66438 | Abyss:1  | Reached skill level 24 in Fighting
 66722 | Abyss:1  | Reached skill level 10 in Spellcasting
 66829 | Abyss:1  | Found an opulent altar of Gozag.
 66969 | Abyss:1  | Reached skill level 1 in Translocations
 67384 | Abyss:2  | Learned a level 8 spell: Controlled Blink
 68077 | Abyss:3  | Paralysed by accursed screaming for 1 turns
 68108 | Abyss:3  | Noticed an ancient lich
 68438 | Abyss:3  | Gained mutation: Your body sometimes deteriorates upon
                  | taking damage. [a neqoxec]
 68544 | Abyss:3  | Reached skill level 5 in Translocations
 68820 | Abyss:3  | Found a corrupted altar of Lugonu.
 68983 | Abyss:3  | Found a corrupted altar of Lugonu.
 69187 | Abyss:3  | Paralysed by Trog for 6 turns
 69449 | Abyss:3  | Paralysed by accursed screaming for 1 turns
 69458 | Depths:1 | Escaped the Abyss
 69576 | D:14     | Lost mutation: Scrolls take you a little longer to read.
                  | [potion of mutation]
 69576 | D:14     | Lost mutation: Armour fits poorly on your strangely shaped
                  | body. [potion of mutation]
 69576 | D:14     | Lost mutation: Your body sometimes deteriorates upon taking
                  | damage. [potion of mutation]
 69576 | D:14     | Lost mutation: You sometimes yell uncontrollably at your
                  | foes. [potion of mutation]
 69576 | D:14     | Gained mutation: You possess an exceptional clarity of
                  | mind. [potion of mutation]
 69576 | D:14     | Gained mutation: You are agile. (Dex +2) [potion of
                  | mutation]
 69576 | D:14     | Gained mutation: Your muscles are strong. (Str +2) [potion
                  | of mutation]
 69576 | D:14     | Gained mutation: You have a pair of small horns on your
                  | head. [potion of mutation]
 69808 | Slime:1  | Entered Level 1 of the Pits of Slime
 69850 | Slime:5  | Entered Level 5 of the Pits of Slime
 69886 | Slime:5  | Gained mutation: You do not regenerate when monsters are
                  | visible. [a shining eye]
 69932 | Slime:5  | Was forgiven by Trog
 69943 | Slime:5  | Noticed the Royal Jelly
 69991 | Slime:5  | Gained mutation: You are dopey. (Int -2) [a shining eye]
 70402 | Slime:5  | Found a viscous altar of Jiyva.
 70404 | Slime:5  | Lost mutation: You are dopey. (Int -2) [potion of mutation]
 70404 | Slime:5  | Lost mutation: Your muscles are strong. (Str +2) [potion of
                  | mutation]
 70404 | Slime:5  | Gained mutation: Armour fits poorly on your strangely
                  | shaped body. [potion of mutation]
 70404 | Slime:5  | Gained mutation: Your flesh is cold resistant. (rC+)
                  | [potion of mutation]
 70404 | Slime:5  | Gained mutation: You are robust. (+10% HP) [potion of
                  | mutation]
 70412 | Slime:5  | Found the brooch of Shielding {Reflect SH+8}
 70577 | Slime:5  | Lost mutation: Armour fits poorly on your strangely shaped
                  | body. [potion of mutation]
 70577 | Slime:5  | Lost mutation: You possess an exceptional clarity of mind.
                  | [potion of mutation]
 70577 | Slime:5  | Gained mutation: You have supernaturally acute eyesight.
                  | (SInv) [potion of mutation]
 70577 | Slime:5  | Gained mutation: Your skin changes colour to match your
                  | surroundings (Stealth+). [potion of mutation]
 70578 | Slime:5  | Lost mutation: You do not regenerate when monsters are
                  | visible. [potion of mutation]
 70578 | Slime:5  | Lost mutation: You are agile. (Dex +2) [potion of mutation]
 70578 | Slime:5  | Lost mutation: You are robust. (+10% HP) [potion of
                  | mutation]
 70578 | Slime:5  | Lost mutation: Your flesh is cold resistant. (rC+) [potion
                  | of mutation]
 70578 | Slime:5  | Gained mutation: You have a pair of horns on your head.
                  | [potion of mutation]
 70578 | Slime:5  | Gained mutation: You are frail. (-10% HP) [potion of
                  | mutation]
 70578 | Slime:5  | Gained mutation: You have a pair of large horns on your
                  | head. [potion of mutation]
 70579 | Slime:5  | Lost mutation: You are frail. (-10% HP) [potion of
                  | mutation]
 70579 | Slime:5  | Lost mutation: You have a pair of large horns on your head.
                  | [potion of mutation]
 70579 | Slime:5  | Gained mutation: You possess an exceptional clarity of
                  | mind. [potion of mutation]
 70579 | Slime:5  | Lost mutation: You have supernaturally acute eyesight.
                  | (SInv) [potion of mutation]
 70579 | Slime:5  | Gained mutation: You have a pair of large horns on your
                  | head. [potion of mutation]
 70724 | Slime:5  | Killed the Royal Jelly
 70724 | Slime:5  | Reached skill level 25 in Fighting
 70797 | Slime:5  | Got a scintillating tin ring
 70807 | Slime:5  | Got a slimy rune of Zot
 70823 | Slime:5  | Identified the ring "Akou" {rPois Str+5} (You found it on
                  | level 5 of the Pits of Slime)
 70898 | Slime:5  | Identified the Reference Book on Spatial Hexes
 70902 | Slime:5  | Identified The Arcane Arts, Part Three
 70971 | Slime:5  | Lost mutation: You occasionally shout uncontrollably at
                  | your foes. [potion of mutation]
 70971 | Slime:5  | Lost mutation: You have a pair of large horns on your head.
                  | [potion of mutation]
 70971 | Slime:5  | Gained mutation: You are frail. (-10% HP) [potion of
                  | mutation]
 70971 | Slime:5  | Gained mutation: Your flesh is cold resistant. (rC+)
                  | [potion of mutation]
 70972 | Slime:5  | Lost mutation: You have a pair of horns on your head.
                  | [potion of mutation]
 70972 | Slime:5  | Lost mutation: You possess an exceptional clarity of mind.
                  | [potion of mutation]
 70972 | Slime:5  | Lost mutation: You have a pair of small horns on your head.
                  | [potion of mutation]
 70972 | Slime:5  | Lost mutation: You are frail. (-10% HP) [potion of
                  | mutation]
 70972 | Slime:5  | Gained mutation: You passively map a small area around you.
                  | [potion of mutation]
 70972 | Slime:5  | Gained mutation: Your body sometimes deteriorates upon
                  | taking damage. [potion of mutation]
 70972 | Slime:5  | Gained mutation: Your flesh is very cold resistant. (rC++)
                  | [potion of mutation]
 71406 | Hell     | Entered the Vestibule of Hell
 71406 | Hell     | Noticed Geryon
 71990 | Zot:5    | Noticed an ancient lich
 72010 | Zot:5    | Killed an ancient lich
 72072 | Zot:5    | Noticed an orb of fire
 72072 | Zot:5    | Noticed an orb of fire
 72072 | Zot:5    | Noticed an orb of fire
 72072 | Zot:5    | Noticed an orb of fire
 72073 | Zot:5    | Gained mutation: You are clumsy. (Dex -2) [an orb of fire]
 72074 | Zot:5    | Gained mutation: Scrolls take you a little longer to read.
                  | [an orb of fire]
 72076 | Zot:5    | Gained mutation: You are dopey. (Int -2) [an orb of fire]
 72080 | Zot:5    | Gained mutation: You are weak. (Str -2) [an orb of fire]
 72089 | Zot:5    | Noticed an orb of fire
 72090 | Zot:5    | Noticed an orb of fire
 72090 | Zot:5    | Gained mutation: Scrolls take you longer to read. [an orb
                  | of fire]
 72091 | Zot:5    | Noticed an orb of fire
 72093 | Zot:5    | Noticed an orb of fire
 72093 | Zot:5    | Noticed an ancient lich
 72094 | Zot:5    | Noticed an orb of fire
 72096 | Zot:5    | Noticed an orb of fire
 72097 | Zot:5    | Noticed an orb of fire
 72098 | Zot:5    | Noticed an orb of fire
 72098 | Zot:5    | Noticed an orb of fire
 72100 | Zot:5    | Noticed an ancient lich
 72100 | Zot:5    | HP: 3/242 [ancient lich/bolt of cold (2)]
 72100 | Zot:5    | Killed from afar by an electric golem

Skill      XL: |  1  2  3  4  5  6  7  8  9 10 11 12 13 14 15 16 17 18 19 20 21 22 23 24 25 26 27 |
---------------+----------------------------------------------------------------------------------+-----
Axes           | 3 4 5 6 7 8 9 10 11 12 13 14 15 16 17 18 19 | 19.7
Dodging        | 3 5 7 8 10 12 13 15 16 17 18 19 20 21 | 21.5
Armour         | 1 2 4 6 8 9 11 12 13 14 15 16 18 19 21 22 | 22.7
Fighting       | 4 5 6 7 8 9 10 11 12 13 14 16 18 19 22 25 | 25.2
Shields        | 1 2 4 5 8 11 12 13 14 | 14.2
Invocations    | 6 12 15 | 15.8
Stealth        | 11 12 | 12.6
Ice Magic      | 11 | 11.1
Spellcasting   | 12 | 12.7
Throwing       | 12 | 12.8
Translocations | 8 |  8.4

Action                   |  1- 3 |  4- 6 |  7- 9 | 10-12 | 13-15 | 16-18 | 19-21 | 22-24 | 25-27 || total
-------------------------+-------+-------+-------+-------+-------+-------+-------+-------+-------++-------
Melee: Hand axe          |   176 |   144 |   277 |   873 |   243 |       |       |       |       ||  1713
       Kick              |       |    28 |    82 |   306 |   497 |   615 |   741 |   923 |  1971 ||  5163
       Broad axe         |       |       |       |       |    53 |   147 |  1503 |  1729 |    45 ||  3477
       War axe           |       |       |       |       |   791 |  1151 |   111 |       |       ||  2053
       Lance             |       |       |       |       |       |       |       |       |  4923 ||  4923
       Headbutt          |       |       |       |       |       |       |       |       |    90 ||    90
Throw: Throwing net      |       |       |       |       |       |       |     1 |     3 |       ||     4
 Cast: Blink             |       |       |       |       |       |       |       |       |     2 ||     2
Invok: Berserk           |     1 |     4 |     7 |    11 |    13 |    13 |    15 |    12 |     2 ||    78
       Trog's Hand       |       |       |     1 |     4 |    12 |    20 |    15 |    15 |     4 ||    71
       Brothers in Arms  |       |       |       |     1 |     5 |     3 |     3 |     3 |     2 ||    17
       Greater Servant o |       |       |       |       |       |       |       |       |     9 ||     9
       Major Destruction |       |       |       |       |       |       |       |       |     1 ||     1
 Abil: Evoke Blink       |       |       |       |     1 |     5 |       |     2 |       |    12 ||    20
Evoke: Wand              |       |       |     9 |     2 |     8 |     2 |     5 |     4 |     5 ||    35
       Sack of spiders   |       |       |       |     1 |     2 |       |       |       |       ||     3
       Phantom mirror    |       |       |       |       |     1 |       |       |       |     1 ||     2
       Lamp of fire      |       |       |       |       |       |       |       |       |     1 ||     1
  Use: Scroll            |     6 |     1 |     7 |    10 |    15 |    14 |    23 |    21 |    48 ||   145
       Potion            |     2 |       |     2 |     1 |    11 |    10 |     3 |     8 |    27 ||    64
 Stab: Sleeping          |     4 |     2 |     3 |       |     4 |     8 |     8 |    10 |    17 ||    56
       Distracted        |       |     1 |     1 |       |     7 |     1 |     5 |     3 |    53 ||    71
       Invisible         |       |       |       |    12 |    19 |       |       |     2 |     6 ||    39
       Paralysed         |       |       |       |     3 |       |       |       |       |       ||     3
       Confused          |       |       |       |       |       |       |     7 |       |     1 ||     8
       Held in net/web   |       |       |       |       |       |       |       |     4 |       ||     4
  Eat: Ration            |     1 |     1 |     3 |     5 |     8 |    11 |     9 |    12 |    17 ||    67
       Chunk             |     2 |     5 |     3 |    24 |    31 |    12 |    30 |    15 |    18 ||   140
Armor: Robe              |    33 |    35 |    34 |       |       |       |       |       |       ||   102
       Leather armour    |       |       |    45 |     6 |       |       |       |       |       ||    51
       Quicksilver drago |       |       |       |   217 |   313 |   282 |   375 |   356 |   572 ||  2115
       Gold dragon scale |       |       |       |       |       |       |       |       |    28 ||    28
Dodge: Dodged            |   110 |    62 |   123 |   446 |   868 |  1084 |  1399 |  1145 |  2292 ||  7529
Block: Buckler           |       |    20 |   103 |   275 |   369 |   492 |   603 |   467 |  1263 ||  3592
       Reflection        |       |       |       |       |       |       |       |       |     2 ||     2
